 Dungeon Crawl Stone Soup version 0.23.1 (webtiles) character file.

Game seed: 8443165096621741224

191 night the Cutter (level 6, -1/41 HPs)
             Began as a Halfling Chaos Knight on Mar 19, 2019.
             Was a Plaything of Xom.
             Killed from afar by Edmund (5 damage)
             ... with a wand of flame (13)
             ... on level 4 of the Dungeon.
             The game lasted 00:05:26 (1957 turns).

night the Cutter (Halfling Chaos Knight)            Turns: 1957, Time: 00:05:28

Health: -1/41      AC:  6    Str: 15    XL:     6   Next: 2%
Magic:  6/6        EV: 11    Int: 10    God:    Xom [...*..]
Gold:   104        SH:  0    Dex: 14    Spells: 5/5 levels left

rFire    . . .     SeeInvis .   a - +0 short sword (chaos)
rCold    . . .     Gourm    .   (shield restricted)
rNeg     . . .     Faith    .   b - +2 leather armour
rPois    .         Spirit   .   p - +0 helmet
rElec    .         Reflect  .   (no cloak)
rCorr    .         Harm     .   (no gloves)
MR       .....                  (no boots)
Stlth    +.........             n - amulet of the acrobat
HPRegen  0.13/turn              o - -2 ring of evasion (curse)
MPRegen  0.10/turn              (no ring)

@: flying, lightly drained
A: small, mutation resistance 1
a: Renounce Religion


You were on level 4 of the Dungeon.
You worshipped Xom.
You were a favourite toy of Xom.
You were not hungry.

You visited 1 branch of the dungeon, and saw 4 of its levels.

You collected 104 gold pieces.

Inventory:

Hand Weapons
 a - a +0 short sword of chaos (weapon)
Missiles
 h - 119 stones (quivered)
 j - 12 sling bullets
Armour
 b - a +2 leather armour (worn)
 p - a +0 helmet (worn)
Jewellery
 n - an amulet of the acrobat (around neck)
 o - a cursed -2 ring of evasion (left hand)
Scrolls
 f - 4 scrolls of identify {unknown}
 i - a scroll of fog {unknown}
 k - a scroll of remove curse {unknown}
 m - a scroll of amnesia {unknown}
Potions
 d - a potion of invisibility {unknown}
 g - a potion of curing {unknown}
 q - a potion of berserk rage {unknown}
Comestibles
 c - 3 rations


   Skills:
 - Level 2.6(2.4) Fighting
 * Level 7.5(7.1) Short Blades
 - Level 2.1(1.9) Armour
 - Level 1.1(0.8) Dodging


You had 5 spell levels left.
You didn't know any spells.
Your spell library was empty.

Dungeon Overview and Level Annotations

Branches:
Dungeon (4/15)
 Temple: D:4-7

Altars:
Kikubaaqudgha

Annotations:
D:4 Edmund


Innate Abilities, Weirdness & Mutations

You are small and have problems with some larger weapons.
You are somewhat resistant to further mutation.


Message History

You puncture Edmund!
Edmund is poisoned.
Edmund is lightly wounded.
Xom's attention turns to you for a moment.
Space twists in upon itself!
You are now a favourite toy of Xom.
Edmund hits you with a +2 flail of draining.
You feel drained.
A spatial vortex comes into view.
Edmund zaps a wand.
The puff of flame hits you!
* * * LOW HITPOINT WARNING * * *
The spatial vortex moves out of view.
Edmund zaps a wand.
The puff of flame hits you but does no damage.
It was a potion of flight.
You feel very buoyant.
You fly up into the air.
Xom is highly amused!
Edmund zaps a wand.
The puff of flame hits you.
You die...
Xom snickers!

#
#..........
#.
#v#.#####.#
#.##.#.#
#......#
#......#
####@###
#.# #.# #@#
#.# #.# #.#
... #.# #.#
#..


You could see a spatial vortex and Edmund.

Vanquished Creatures
  An ogre (D:3)
  4 adders
  A gnoll (D:4)
  An ooze (D:2)
  3 dart slugs
  3 leopard geckos
  2 orcs (D:3)
  3 bats
  A bat zombie (D:2)
  A giant cockroach (D:1)
  3 goblins
  4 hobgoblins
  6 frilled lizards
  5 kobolds
  10 rats
  A rat zombie (D:2)
49 creatures vanquished.

Vanquished Creatures (others)
  A rat zombie (D:2)
1 creature vanquished.

Grand Total: 50 creatures vanquished

Notes
Turn   | Place    | Note
-------+----------+-------------------------------------------
     0 | D:1      | night the Halfling Chaos Knight began the quest for the
                  | Orb.
     0 | D:1      | Reached XP level 1. HP: 15/15 MP: 1/1
   104 | D:1      | Reached skill level 4 in Short Blades
   179 | D:1      | XOM: butterfly on damage
   181 | D:1      | Reached XP level 2. HP: 13/20 MP: 2/2
   655 | D:1      | Reached XP level 3. HP: 25/25 MP: 3/3
   669 | D:1      | XOM: harmless Erth miscast
   750 | D:2      | XOM: noise
   752 | D:2      | XOM: potion effect (haste)
   762 | D:2      | Reached skill level 5 in Short Blades
   875 | D:2      | XOM: cloud trail
   964 | D:2      | Reached XP level 4. HP: 7/30 MP: 4/4
  1301 | D:2      | XOM: harmless Air miscast
  1347 | D:2      | Found an ancient bone altar of Kikubaaqudgha.
  1586 | D:3      | XOM: scenery: 1 doors open
  1599 | D:3      | Reached skill level 6 in Short Blades
  1662 | D:3      | XOM: harmless Necr miscast
  1844 | D:3      | Noticed an ogre
  1853 | D:3      | XOM: chaos upgrade
  1855 | D:3      | Killed an ogre
  1855 | D:3      | Reached skill level 7 in Short Blades
  1855 | D:3      | Reached XP level 5. HP: 16/35 MP: 5/5
  1869 | D:4      | Reached XP level 6. HP: 10/41 MP: 6/6
  1945 | D:4      | XOM: 5-stop teleportation journey
  1946 | D:4      | Noticed Edmund
  1946 | D:4      | XOM: mild Tloc miscast
  1947 | D:4      | Noticed a spatial vortex
  1947 | D:4      | HP: 2/41 [Edmund/wand of flame (15) (11)]
  1957 | D:4      | Killed from afar by Edmund

Skill      XL: |  1  2  3  4 |
---------------+-------------+-----
Short Blades   | 4 5 7 |  7.5
Fighting       | |  2.6
Armour         | |  2.1
Dodging        | |  1.1

Action                   |  1- 3 |  4- 6 || total
-------------------------+-------+-------++-------
Melee: Short sword       |    77 |    75 ||   152
  Use: Potion            |       |     1 ||     1
 Stab: Sleeping          |       |     1 ||     1
  Eat: Chunk             |       |     3 ||     3
Armor: Leather armour    |    10 |    13 ||    23
Dodge: Dodged            |    49 |    42 ||    91
